 Dungeon Crawl Stone Soup version 0.30-a0-756-gc2185399d4 (webtiles) character file.

Game seed: 17784246923312522430

757 Leeroy the Slasher (level 7, -3/37 HPs)
             Began as a Vine Stalker Warper on Feb 9, 2023.
             Shot with an arrow by a centaur (5 damage)
             ... on level 5 of the Dungeon.
             The game lasted 00:04:15 (3650 turns).

Leeroy the Slasher (Vine Stalker Warper)            Turns: 3650, Time: 00:04:16

Health: -3/37      AC:  3    Str: 14    XL:     7   Next: 79%
Magic:  0/14       EV: 12    Int: 19    God:
Gold:   196        SH:  0    Dex: 15    Spells: 2/14 levels left

rFire   . . .      SeeInvis .    s - +1 rapier (venom)
rCold   . . .      Faith    .    (no shield)
rNeg    . . .      Spirit   +    b - +0 leather armour
rPois   .          Reflect  .    (no helmet)
rElec   .          Harm     .    (no cloak)
rCorr   .          Rampage  .    (no gloves)
Will    .....                    (no boots)
Stlth   +                        r - amulet of magic regeneration
HPRegen 1.06/turn                o - +6 ring of intelligence
MPRegen 0.54/turn                (no ring)

@: no status effects
A: fangs 2, regeneration 1, magic shield, antimagic bite, no potion heal 2
a: no special abilities


You were on level 5 of the Dungeon.
You visited 1 branch of the dungeon, and saw 5 of its levels.

You collected 196 gold pieces.

Inventory:

Hand Weapons
 a - a +0 falchion
 s - a +1 rapier of venom (weapon)
Missiles
 d - 7 boomerangs of dispersal (quivered)
 u - 4 poisoned darts
Armour
 b - a +0 leather armour (worn)
 e - a +0 plate armour
Magical Staves
 l - a staff of poison
Jewellery
 j - an amulet of regeneration
 o - a +6 ring of intelligence (left hand)
 r - an amulet of magic regeneration (around neck)
 B - a ring of protection from fire
Scrolls
 c - 2 scrolls of blinking
 f - a scroll of enchant armour {unknown}
 g - 2 scrolls of fear {unknown}
 h - 2 scrolls of identify {unknown}
 i - a scroll of acquirement {unknown}
 k - 3 scrolls of teleportation {unknown}
 p - a scroll of vulnerability {unknown}
 q - a scroll of magic mapping {unknown}
 y - a scroll of poison {unknown}
 z - a scroll of brand weapon {unknown}
 D - a scroll of fog {unknown}
Potions
 m - 2 potions of mutation {unknown}
 n - a potion of invisibility {unknown}
 t - a potion of ambrosia {unknown}
 v - a potion of curing {unknown}
 w - a potion of might {unknown}
 x - a potion of cancellation {unknown}
 A - 2 potions of attraction {unknown}
 C - a potion of haste {unknown}


   Skills:
 - Level 4.3 Fighting
 - Level 4.6 Long Blades
 - Level 0.8 Throwing
 - Level 0.7 Armour
 - Level 3.3 Dodging
 + Level 4.4 Spellcasting
 - Level 3.0 Translocations


You had 2 spell levels left.
You knew the following spells:

 Your Spells              Type           Power      Damage    Failure   Level
a - Blink                 Tloc           30%        N/A       8%          2
b - Vhi's Electric Charg  Tloc/Air       18%        N/A       26%         3
c - Manifold Assault      Tloc           15%        N/A       43%         4
d - Mephitic Cloud        Conj/Pois/Air  4%         N/A       45%         3

Your spell library contained the following spells:

 Spells                   Type           Power      Damage    Failure   Level
 Lesser Beckoning         Tloc           30%        N/A       8%          2
 Magic Dart               Conj           16%        1d3       17%         1
 Call Imp                 Summ           4%         N/A       26%         2
 Cigotuvi's Dreadful Rot  Necr/Pois/Air  8%         N/A       26%         2
 Poisonous Vapours        Pois/Air       8%         N/A       26%         2
 Teleport Other           Tloc           15%        N/A       14%         3
 Cause Fear               Hex            2%         N/A       86%         4
 Fireball                 Conj/Fire      2%         3d4       99%         5
 Iskenderun's Battlesphe  Conj           4%         2d6       99%         5
 Conjure Ball Lightning   Conj/Air       2%         3x3d6     100%        6
 Dragon Form              Tmut           2%         N/A       100%        7
 Orb of Destruction       Conj           2%         9d5       100%        7
 Dragon's Call            Summ           2%         N/A       100%        9


Dungeon Overview and Level Annotations

Branches:
Dungeon (5/15)
 Temple: D:4-7

Altars:
Makhleb


Innate Abilities, Weirdness & Mutations

You have extremely sharp teeth.
Your natural rate of healing is unusually fast.
When hurt, damage is shared between your health and your magic reserves.
Your bite disrupts and absorbs the magic of your enemies.
Potions cannot restore your health.


Message History

The adder bites you.
You are poisoned.
The adder poisons you!
The phantom hits you but does no damage.
The orc completely misses you. The adder bites you but does no damage.
You puncture the adder!
You kill the adder!
You feel sick.
The phantom hits you but does no damage.
The orc hits you with a +0 whip. The hound bites you.
You hit the hound but do no damage.
The hound is poisoned.
Your bite misses the hound.
You feel sick. The phantom completely misses you.
The orc hits you with a +0 whip. The hound barely misses you.
Okay, then.
You barely miss the hound.
You feel sick. The hound bites you.
* * * LOW HITPOINT WARNING * * *
The phantom hits you but does no damage.
The orc hits you with a +0 whip.
* * * LOW HITPOINT WARNING * * *
The hound bites you.
* * * LOW HITPOINT WARNING * * *
The orc hits you with a +0 whip.
* * * LOW HITPOINT WARNING * * *
The phantom hits you.
* * * LOW HITPOINT WARNING * * *
The phantom blinks!
You blink.
You feel sick. The phantom attacks as you move away! The phantom hits you.
* * * LOW HITPOINT WARNING * * *
x2 You feel sick.
You puncture the phantom!
You destroy the phantom!
* * * LOW HITPOINT WARNING * * *
You feel sick.
Your Spellcasting skill increases to level 4!
You feel sick.
You are no longer poisoned.
The hound barely misses you. x2; The centaur shoots an arrow.
The arrow hits you!
You die...

.# ..... # .# ..... #.
?⌠ .....# #.. !# ....
#..# .# #... ##..#
.#..#####
.....#####........
###...@....# ..
#.....#hc..# #
..##.###.#.o.######..#
....#<#.#...........#
#.. .#.#.#o..#####.#
#.# ..!.#†..#
#..##.#.#...#
#.....#.###.#
#.#.###.# #.#


You could see a centaur, a hound (very poisoned) and 2 orcs.

Vanquished Creatures
  Sigmund (D:2)
  A black bear (D:4)
  An ogre (D:4)
  A phantom (D:5)
  A scorpion (D:2)
  A jelly (D:4)
  2 iguanas (D:4)
  Natasha (twice) (D:2)
  Robin (D:3)
  7 adders
  An ufetubus (D:4)
  A worm (D:4)
  2 dart slugs (D:2)
  An orc (D:4)
  A bat (D:2)
  7 endoplasms
  6 giant cockroaches
  7 hobgoblins
  2 jackals (D:3)
  8 kobolds
  5 quokkas
  5 ball pythons
  5 frilled lizards (D:1)
  13 goblins
  4 rats
86 creatures vanquished.

Notes
Turn   | Place    | Note
-------+----------+-------------------------------------------
     0 | D:1      | Leeroy the Vine Stalker Warper began the quest for the Orb.
     0 | D:1      | Reached XP level 1. HP: 11/11 MP: 4/4
   191 | D:1      | Reached XP level 2. HP: 15/15 MP: 6/6
   935 | D:2      | Reached XP level 3. HP: 10/18 MP: 5/7
  1456 | D:2      | Found a burning altar of Makhleb.
  1500 | D:2      | Found a faded altar of an unknown god.
  1603 | D:2      | Gained mutation: Your natural rate of healing is unusually
                  | fast. [Vine Stalker growth]
  1603 | D:2      | Reached XP level 4. HP: 21/23 MP: 8/8
  1622 | D:2      | Noticed a scorpion
  1624 | D:2      | Noticed Sigmund
  1637 | D:2      | Killed a scorpion
  1638 | D:2      | Reached XP level 5. HP: 3/26 MP: 9/9
  1678 | D:2      | Killed Sigmund
  1679 | D:2      | Reached XP level 6. HP: 21/33 MP: 10/10
  1710 | D:2      | Noticed Natasha
  1717 | D:2      | Killed Natasha
  1796 | D:2      | Noticed Natasha
  1802 | D:2      | Killed Natasha
  2138 | D:3      | Learned a level 2 spell: Blink
  2142 | D:3      | Learned a level 3 spell: Vhi's Electric Charge
  2147 | D:3      | Learned a level 4 spell: Manifold Assault
  2176 | D:3      | Noticed Robin
  2197 | D:3      | Killed Robin
  2836 | D:4      | Reached XP level 7. HP: 23/37 MP: 5/11
  3371 | D:4      | Learned a level 3 spell: Mephitic Cloud
  3592 | D:5      | Entered Level 5 of the Dungeon
  3648 | D:5      | HP: 1/37 [phantom (3)]
  3650 | D:5      | Shot with an arrow by a centaur

Illustrated notes

Levels and vault maps discovered:
D:1:      minmay_arrival_cross, layout_basic, minmay_lizard_pond
D:2:      minmay_alternating_diamond, layout_basic, basic_altar,
          dreamdust_ecumenical_altar_hidden_monk_grotto, uniq_natasha,
          uniq_sigmund
D:3:      layout_loops_ring, uniq_robin
D:4:      layout_gridville
D:5:      layout_basic, minmay_temple_entry_mist,
          nicolae_kite_square_tiling_tiny, corexii_hall_statues_s,
          minmay_circle_x, uniq_crazy_yiuf_cottage, uniq_blork_the_orc

Skill      XL: |  1  2  3  4  5  6  7 |
---------------+----------------------+-----
Long Blades    | 2 3 4 |  4.6
Fighting       | 3 4 |  4.3
Dodging        | 3 |  3.3
Spellcasting   | 4 |  4.4
Throwing       | |  0.8
Armour         | |  0.7
Translocations | |  3.0

Action                     |  1- 3 |  4- 6 |  7- 9 || total
---------------------------+-------+-------+-------++-------
  Melee: Falchion          |    99 |     2 |       ||   101
         Bite              |    20 |    27 |    13 ||    60
         Punch             |     2 |       |     1 ||     3
         Rapier            |       |    91 |    51 ||   142
   Cast: Blink             |       |       |     1 ||     1
    Use: Scroll            |       |     1 |       ||     1
 Armour: Leather armour    |     4 |     3 |    17 ||    24
         Plate armour      |    80 |    41 |       ||   121
  Dodge: Dodged            |    29 |    24 |    36 ||    89

Table legend: (Time is in decaauts)
 A = Elapsed time spent in this place.
 B = Non-inter-level travel time spent in this place.
 C = Inter-level travel time spent in this place.
 D = Time resting spent in this place.
 E = Time spent auto-exploring this place.
 F = Levels seen in this place.
 G = Mean time per level.
                   A        B        C        D        E       F      G
               +--------+--------+--------+--------+--------+-----+--------+
         Total |   3676 |   3476 |    200 |      3 |   2804 |   5 |  735.2 |
       Dungeon |   3676 |   3476 |    200 |      3 |   2804 |   5 |  735.2 |
               +--------+--------+--------+--------+--------+-----+--------+

Top non-repeatable levels by time:
     D:2: 1165 daAuts
     D:4: 918 daAuts
     D:1: 905 daAuts
     D:3: 627 daAuts
     D:5: 58 daAuts
